 Dungeon Crawl Stone Soup version 0.29-a0-322-g68df515428 (webtiles) character file.

Game seed: 11542148815227811425

18 flyleaff the Ruffian (level 2, 0/29 HPs)
             Began as a Troll Monk on Apr 8, 2022.
             Slain by a gnoll
             ... wielding a +0 spear of venom
              (4 damage)
             ... on level 2 of the Dungeon.
             The game lasted 00:01:22 (573 turns).

flyleaff the Ruffian (Troll Monk)                    Turns: 573, Time: 00:01:23

Health: 0/29       AC:  4    Str: 24    XL:     2   Next: 48%
Magic:  1/1        EV: 10    Int:  6    God:
Gold:   58         SH:  0    Dex: 12    Spells: 1/1 levels left

rFire   . . .      SeeInvis .     - Unarmed
rCold   . . .      Faith    .   (no shield)
rNeg    . . .      Spirit   .   a - +0 robe
rPois   +          Reflect  .   (helmet restricted)
rElec   .          Harm     .   d - scarf {repulsion}
rCorr   .          Rampage  .   (gloves unavailable)
Will    .....                   (boots unavailable)
Stlth   +.........              (no amulet)
HPRegen 0.89/turn               g - +6 ring of strength
MPRegen 0.07/turn               j - ring of poison resistance

@: confused, lethally poisoned (0 -> -8), ambrosia-drunk, repel missiles
A: large, unfitting armour, claws 3, regeneration 1, shaggy fur 1, tough skin 1
a: no special abilities


You were on level 2 of the Dungeon.
You visited 1 branch of the dungeon, and saw 2 of its levels.

You collected 58 gold pieces.

Inventory:

Missiles
 h - a throwing net (quivered)
Armour
 a - a +0 robe (worn)
 d - a scarf of repulsion (worn)
Jewellery
 g - a +6 ring of strength (left claw)
 j - a ring of poison resistance (right claw)
Scrolls
 c - a scroll of immolation {unknown}
 e - a scroll of blinking {unknown}
 f - a scroll of noise {unknown}
Potions
 i - a potion of curing {unknown}
 k - 2 potions of berserk rage {unknown}


   Skills:
 + Level 2.5 Fighting
 + Level 0.5 Armour
 + Level 2.6 Dodging
 - Level 1.0 Stealth
 * Level 3.3 Unarmed Combat


You had one spell level left.
You didn't know any spells.
Your spell library contained the following spells:

 Spells                   Type           Power      Damage    Failure   Level
 Foxfire                  Conj/Fire      0%         2x1d4     45%         1
 Conjure Flame            Conj/Fire      0%         6-21      83%         3
 Ignite Poison            Fire/Tmut/Pois 0%         N/A       83%         3
 Inner Flame              Hex/Fire       0%         N/A       83%         3
 Flame Wave               Conj/Fire      0%         2d4       99%         4
 Sticky Flame             Conj/Fire      0%         2d3       99%         4


Dungeon Overview and Level Annotations

Branches:
Dungeon (2/15)

Altars:

Shops:
D:1 (


Innate Abilities, Weirdness & Mutations

You are too large for most types of armour.
You have claws for hands.
Your natural rate of healing is unusually fast.
You are covered in fur. (AC +1)
You have tough skin. (AC +1)


Message History

You are too injured to fight recklessly!
You are too injured to fight recklessly!
You are too injured to fight recklessly!
You are too injured to fight recklessly!
You are too injured to fight recklessly!
You are too injured to fight recklessly!
You are too injured to fight recklessly!
You are too injured to fight recklessly!
You are too injured to fight recklessly!
You are too injured to fight recklessly!
You are too injured to fight recklessly!
You are too injured to fight recklessly!
You are too injured to fight recklessly!
You are too injured to fight recklessly!
You are too injured to fight recklessly!
You are too injured to fight recklessly!
You are too injured to fight recklessly!
You are too injured to fight recklessly!
Unknown command.
You are confused.
You feel invigorated.
You feel sick. The gnoll closely misses you.
The gnoll hits you from afar with a +0 spear of venom.
You barely miss the gnoll.
You feel sick. The gnoll barely misses you. The gnoll hits you with a +0 whip.
You bump into the rock wall.
You feel sick. The gnoll hits you with a +0 whip. The gnoll closely misses you.
You're too confused to move!
You feel sick. The gnoll barely misses you.
The gnoll hits you from afar with a +0 spear of venom.
You bump into the rock wall.
You feel sick.
The gnoll hits you from afar with a +0 spear of venom!
* * * LOW HITPOINT WARNING * * *
You are lethally poisoned!
The gnoll hits you with a +0 whip.
* * * LOW HITPOINT WARNING * * *
You bump into the rock wall.
You feel very sick. The gnoll hits you with a +0 whip.
* * * LOW HITPOINT WARNING * * *
The gnoll hits you from afar with a +0 spear of venom.
You die...

.# # .#
.# .# #.#
.#...
.#.###.
.......
####...##
+@ggg...#
####...##
....$.#
.......
##.##..
.. . .#
.#


You could see 3 gnolls.

Vanquished Creatures
  4 endoplasms (D:1)
  2 giant cockroaches (D:1)
  A goblin (D:2)
  4 jackals (D:1)
  A ball python (D:1)
  A frilled lizard (D:1)
  2 rats (D:1)
15 creatures vanquished.

Notes
Turn   | Place    | Note
-------+----------+-------------------------------------------
     0 | D:1      | flyleaff the Troll Monk began the quest for the Orb.
     0 | D:1      | Reached XP level 1. HP: 22/22 MP: 0/0
    70 | D:1      | Reached XP level 2. HP: 29/29 MP: 1/1
   202 | D:1      | Found Siash's Antique Weapon Emporium.
   573 | D:2      | Slain by a gnoll

Illustrated notes

Levels and vault maps discovered:
D:1:      dpeg_arrival_pits, layout_basic, serial_shops,
          nicolae_shop_overgrown_old_shop
D:2:      layout_loops_corners, hellmonk_ecumenical_altar_inner_sanctum,
          basic_altar, minmay_nonomino_d4, uniq_terence, uniq_jessica,
          uniq_crazy_yiuf_cottage

Action                   || total
-------------------------++-------
Melee: Unarmed           ||    46
       Punch             ||     1
  Use: Potion            ||     1
 Stab: Sleeping          ||     3
Armor: Robe              ||    13
Dodge: Dodged            ||    35

Table legend: (Time is in decaauts)
 A = Elapsed time spent in this place.
 B = Non-inter-level travel time spent in this place.
 C = Inter-level travel time spent in this place.
 D = Time resting spent in this place.
 E = Time spent auto-exploring this place.
 F = Levels seen in this place.
 G = Mean time per level.
                   A        B        C        D        E       F      G
               +--------+--------+--------+--------+--------+-----+--------+
         Total |    568 |    529 |     39 |      0 |    409 |   2 |  284.0 |
       Dungeon |    568 |    529 |     39 |      0 |    409 |   2 |  284.0 |
               +--------+--------+--------+--------+--------+-----+--------+

Top non-repeatable levels by time:
     D:1: 551 daAuts
     D:2: 17 daAuts
